[Event "Titled Tuesday Blitz February 14 Early 2023"]
[White "Kokoszczynski, Jan"]
[Black "Dehtiarov, Roman"]
[WhiteFideId "1174460"]
[BlackFideId "14186640"]
[WhiteElo "2247"]
[BlackElo "2289"]
[Result "1-0"]
[Round "05"]
[TimeControl "180+2"]
[Date "2023.02.15"]
[WhiteClock "0:00:06"]
[BlackClock "0:00:06"]

1. d4 Nf6 2. c4 e6 3. Nc3 d5 4. cxd5 exd5 5. Bg5 Be7 6. e3 c6 7. Bd3 Nbd7 8. h3 h6 9. Bf4 O-O 10. Nf3 Re8 11. O-O Nf8 12. Ne5 Bd6 13. Bh2 N8d7 14. f4 Nf8 15. Qf3 Qb6 16. Rf2 c5 17. Rd1 cxd4 18. exd4 Ne6 19. Nxd5 Nxd5 20. Qxd5 Rd8 21. Qe4 Nf8 22. f5 Bxe5 23. dxe5 Bd7 24. Bf4 Bc6 25. Qe3 Qxe3 26. Bxe3 Rd5 27. Bf4 Rad8 28. Rfd2 Rd4 29. Bc4 Rxc4 30. Rxd8 Rxf4 31. e6 fxe6 32. fxe6 Re4 33. Rf1 Rxe6 34. Rfxf8+ Kh7 35. Rf2 Re1+ 36. Kh2 Ra1 37. a3 Re1 38. Rdf8 a6 39. R8f7 Bd5 40. Rd7 Bc6 41. Rc7 Re6 42. Rff7 Rg6 43. g4 h5 44. Kg3 hxg4 45. hxg4 Bd5 46. Rfe7 Bc6 47. Kf4 Rf6+ 48. Kg3 Rg6 49. b3 Kh6 50. Kh4 Bf3 51. Rc4 Bd5 52. Rd4 Bc6 53. a4 Kh7 54. a5 Rh6+ 55. Kg3 Rh1 56. b4 Rg1+ 57. Kf4 Rf1+ 58. Kg5 Rf6 59. Re5 Rg6+ 60. Kf4 Rf6+ 61. Rf5 Re6 62. g5 Re1 63. Rc5 Rf1+ 64. Ke5 Kg6 65. Kd6 Bg2 66. Kc7 Bc6 67. Rd6+ Kh5 68. Rdxc6 bxc6 69. Kb6 Rb1 70. Rc4 Kxg5 71. Kxa6 Kh5 72. Kb6 g5 73. a6 g4 74. a7 Ra1 75. Rc5+ Kg6 76. Ra5 Rb1 77. a8=Q Rxb4+ 78. Kxc6 Rf4 79. Qg8+ Kf6 80. Qf8+ Ke6 81. Qxf4 g3 82. Re5# 1-0


[Site "https://www.chess.com"]

[Event "Titled Tuesday Blitz February 14 Early 2023"]
[White "Lehtosaari, Mauri"]
[Black "Csonka, Balazs"]
[WhiteFideId "501999"]
[BlackFideId "742910"]
[WhiteElo "2176"]
[BlackElo "2496"]
[Result "0-1"]
[Round "05"]
[TimeControl "180+2"]
[Date "2023.02.15"]
[WhiteClock "0:01:59"]
[BlackClock "0:00:50"]

1. d4 Nf6 2. Nf3 b6 3. Bg5 Bb7 4. Nbd2 c5 5. e3 e6 6. Be2 Be7 7. O-O O-O 8. c3 h6 9. Bh4 d6 10. a4 Nc6 11. h3 Nh5 12. Bxe7 Qxe7 13. Ne5 dxe5 14. Bxh5 exd4 15. exd4 cxd4 16. Bf3 Rfd8 17. Qe2 Rac8 18. Rfd1 dxc3 19. bxc3 Na5 20. Bxb7 Qxb7 21. Rac1 Qc6 22. Qg4 Rd5 23. Nf1 Rg5 0-1


[Site "https://www.chess.com"]

[Event "Titled Tuesday Blitz February 14 Early 2023"]
[White "Sokolovsky, Yahli"]
[Black "Ramirez Allo, Eduardo"]
[WhiteFideId "2820242"]
[BlackFideId "2224178"]
[WhiteElo "2461"]
[BlackElo "2274"]
[Result "1-0"]
[Round "05"]
[TimeControl "180+2"]
[Date "2023.02.15"]
[WhiteClock "0:00:57"]
[BlackClock "0:00:06"]

1. b3 Nf6 2. Bb2 g6 3. Nf3 Bg7 4. d4 O-O 5. e3 d6 6. Be2 Nbd7 7. O-O c5 8. c4 b6 9. Nc3 Bb7 10. Qd2 a6 11. Rfd1 Qc7 12. Rac1 Ne4 13. Nxe4 Bxe4 14. d5 Bxf3 15. Bxf3 Bxb2 16. Qxb2 Rfb8 17. h4 h5 18. Be2 b5 19. Qc2 bxc4 20. Bxc4 Rb4 21. Qe4 Ne5 22. f4 Nxc4 23. Rxc4 Rxc4 24. bxc4 Qd7 25. Rb1 Ra7 26. Rb8+ Kg7 27. Qb1 a5 28. Qb2+ f6 29. Qb6 a4 30. a3 Rc7 31. Qa6 Ra7 32. Qb6 Rc7 33. Kf2 Rc8 34. Rb7 Qe8 35. Qxd6 Kf8 36. Qb6 Ra8 37. d6 e5 38. d7 Qe7 39. Rb8+ Rxb8 40. Qxb8+ Kf7 41. d8=Q 1-0


[Site "https://www.chess.com"]

[Event "Titled Tuesday Blitz February 14 Early 2023"]
[White "Hansen, Sune Berg"]
[Black "Jimenez Almeida, Luis David"]
[WhiteFideId "1400266"]
[BlackFideId "22242244"]
[WhiteElo "2517"]
[BlackElo "2242"]
[Result "1-0"]
[Round "05"]
[TimeControl "180+2"]
[Date "2023.02.15"]
[WhiteClock "0:00:53"]
[BlackClock "0:00:19"]

1. e4 c6 2. d4 Na6 3. Nd2 Nc7 4. Bd3 g6 5. Ne2 Bg7 6. c3 d6 7. Nf3 Nf6 8. h3 O-O 9. Ng3 Re8 10. O-O e5 11. Re1 Qe7 12. Be3 a5 13. Qd2 Be6 14. Bh6 Nd7 15. Bxg7 Kxg7 16. Bc2 h6 17. Rad1 a4 18. Bb1 b5 19. dxe5 dxe5 20. Qe3 a3 21. b3 b4 22. cxb4 Qxb4 23. Rc1 c5 24. Bd3 Nb5 25. Bxb5 Qxb5 26. Rc3 c4 27. Qe2 Qb4 28. Qd2 cxb3 29. axb3 Nc5 30. Nh4 Nxb3 31. Ngf5+ Kf6 32. Qxh6 Qxc3 33. Qg7+ Kg5 34. Nf3+ Qxf3 35. gxf3 Bxf5 36. exf5 a2 37. h4+ Kxf5 38. Qxf7# 1-0


[Site "https://www.chess.com"]

[Event "Titled Tuesday Blitz February 14 Early 2023"]
[White "Liyanage, Ranindu Dilshan"]
[Black "surrenderPLS"]
[WhiteFideId "9915834"]
[WhiteElo "2342"]
[BlackElo "2491"]
[Result "1-0"]
[Round "05"]
[TimeControl "180+2"]
[Date "2023.02.15"]
[WhiteClock "0:00:13"]
[BlackClock "0:00:04"]

1. d4 Nf6 2. Nc3 d5 3. Bf4 Bf5 4. e3 e6 5. Bd3 Bxd3 6. cxd3 Bd6 7. Nge2 O-O 8. Qb3 Nc6 9. Qxb7 Nb4 10. O-O Rb8 11. Qxa7 Ra8 12. Qb7 Rb8 13. Qa7 Nxd3 14. b3 Ra8 15. Qb7 Nxf4 16. Nxf4 Bxf4 17. exf4 Qd6 18. Nb5 Qxf4 19. Qxc7 Qh6 20. a4 Ne4 21. Qc1 Qg6 22. Qe3 Rac8 23. Rfc1 f5 24. Qf4 Qf6 25. f3 g5 26. Qe5 Qxe5 27. dxe5 Nd2 28. Nd4 Rxc1+ 29. Rxc1 Rb8 30. a5 Nxb3 31. Nxb3 Rxb3 32. Ra1 Rb7 33. a6 Ra7 34. Kf2 Kf7 35. Ke3 Ke7 36. Kd4 Kd7 37. Kc5 Kc7 38. Ra2 Ra8 39. a7 Kb7 40. Kd6 Rxa7 41. Rxa7+ Kxa7 42. Kxe6 d4 43. Kxf5 d3 44. e6 d2 45. e7 d1=Q 46. e8=Q Qd2 47. Qe7+ Kb6 48. Qf6+ Kc7 49. Qxg5 Qd5+ 50. Kg4 Qa2 51. Qf4+ Kd7 52. Kh3 Ke7 53. Qe5+ Kf7 54. Qh5+ Kg7 55. Qg4+ Kh8 56. g3 Qb2 57. f4 Qc1 58. Qf5 Qf1+ 59. Kh4 Qe2 60. Qf8# 1-0


[Site "https://www.chess.com"]

[Event "Titled Tuesday Blitz February 14 Early 2023"]
[White "Kochetov, Andrey"]
[Black "Klabis, Rokas"]
[WhiteFideId "24130532"]
[BlackFideId "12805246"]
[WhiteElo "2165"]
[BlackElo "2415"]
[Result "0-1"]
[Round "05"]
[TimeControl "180+2"]
[Date "2023.02.15"]
[WhiteClock "0:00:02"]
[BlackClock "0:00:21"]

1. e4 e5 2. Nf3 Nc6 3. Bc4 Nf6 4. d3 Be7 5. O-O O-O 6. c3 d6 7. Re1 h6 8. Nbd2 Nh7 9. Nf1 a6 10. Bb3 Ng5 11. Ng3 Nxf3+ 12. Qxf3 Bg5 13. Be3 Be6 14. Rad1 Bxe3 15. Rxe3 Ne7 16. d4 Qc8 17. Bxe6 Qxe6 18. a3 a5 19. Nf5 Nxf5 20. exf5 Qb3 21. f6 g6 22. dxe5 dxe5 23. Rxe5 Qxb2 24. h4 Ra6 25. h5 Qc2 26. hxg6 fxg6 27. Rd7 Raxf6 28. Qd5+ R6f7 29. f3 Qc1+ 30. Kh2 Qf4+ 31. Kg1 c6 32. Qe6 Kg7 33. Rxf7+ Rxf7 34. Qd6 a4 35. Qe6 Qc1+ 36. Kh2 Qd2 37. Re4 Qd7 38. Qc4 Qd6+ 39. Kh1 b5 40. Qf1 Re7 41. Rg4 Qd2 42. Re4 Rxe4 43. fxe4 Qxc3 44. Qd1 h5 45. Qd7+ Kh6 46. Qe8 Qc1+ 47. Kh2 Qf4+ 48. Kh1 Qf6 49. e5 Qh4+ 50. Kg1 Qd4+ 51. Kh1 Kg5 52. Qe7+ Kg4 53. Qf6 Qe4 54. Qf3+ Qxf3 55. gxf3+ Kf5 56. f4 g5 0-1


[Site "https://www.chess.com"]

[Event "Titled Tuesday Blitz February 14 Early 2023"]
[White "Morefield, Jason"]
[Black "Khamdamova, Afruza"]
[WhiteFideId "30920825"]
[BlackFideId "14210444"]
[WhiteElo "2167"]
[BlackElo "2162"]
[Result "1-0"]
[Round "05"]
[TimeControl "180+2"]
[Date "2023.02.15"]
[WhiteClock "0:00:06"]
[BlackClock "0:00:21"]

1. e4 e5 2. Nf3 Nf6 3. Nxe5 d6 4. Nf3 Nxe4 5. d4 d5 6. Bd3 Nc6 7. O-O Be7 8. Nbd2 Nd6 9. c3 O-O 10. Re1 Bf5 11. Bxf5 Nxf5 12. Nf1 Bf6 13. Qd3 Nd6 14. Bf4 Ne7 15. Re2 Ng6 16. Bg3 Ne4 17. Rae1 c6 18. N1d2 Nxg3 19. hxg3 Qd7 20. Nf1 Rfe8 21. Ne3 Nf8 22. Nh2 Be7 23. Nf5 Bg5 24. f4 Rxe2 25. Rxe2 Bd8 26. Ng4 Ng6 27. Kh2 h5 28. Ne5 Nxe5 29. dxe5 Bb6 30. Nh4 Re8 31. Qf3 Qg4 32. Qxg4 hxg4 33. Nf5 c5 34. Rd2 d4 35. cxd4 cxd4 36. Kg1 Rc8 37. Ne7+ Kf8 38. Nxc8 Bc5 39. Kf1 f6 40. Nd6 fxe5 41. fxe5 Ke7 42. Nf5+ Ke6 43. Nxd4+ Kxe5 44. Nb3 Bb4 45. Re2+ Kf5 46. Nd4+ 1-0


[Site "https://www.chess.com"]

[Event "Titled Tuesday Blitz February 14 Early 2023"]
[White "Skliarov, Viktor"]
[Black "Fiorito, Francisco"]
[WhiteFideId "14106736"]
[BlackFideId "180165"]
[WhiteElo "2383"]
[BlackElo "2305"]
[Result "1/2-1/2"]
[Round "05"]
[TimeControl "180+2"]
[Date "2023.02.15"]
[WhiteClock "0:00:07"]
[BlackClock "0:00:04"]

1. e4 c5 2. Nf3 Nc6 3. Bb5 g6 4. O-O Bg7 5. Re1 Nf6 6. e5 Nd5 7. Nc3 Nxc3 8. dxc3 O-O 9. Qd5 Qb6 10. Bc4 Na5 11. Bd3 Qc6 12. c4 b6 13. Bg5 Re8 14. Rad1 Bb7 15. Qxc6 Nxc6 16. c3 h6 17. Bh4 Rad8 18. Be4 g5 19. Bg3 Ba6 20. b3 e6 21. Bc2 Bb7 22. h4 g4 23. Nh2 h5 24. Nf1 Ne7 25. Ne3 Nc6 26. Nf1 d6 27. Rxd6 Rxd6 28. exd6 Bxc3 29. Rd1 Bd4 30. Nd2 Rd8 31. Ne4 Be5 32. Bxe5 Nxe5 33. Nf6+ Kf8 34. Nxh5 Nc6 35. Nf6 Nd4 36. Be4 Bxe4 37. Nxe4 f5 38. Ng5 Rxd6 39. Re1 Ke7 40. f3 gxf3 41. gxf3 Nc2 42. Re2 Rd1+ 43. Kf2 Nd4 44. Rb2 Rh1 45. Kg3 Kf6 46. a3 e5 47. b4 f4+ 48. Kg2 Rxh4 49. Ne4+ Kf5 50. bxc5 bxc5 51. Nxc5 Rh7 52. Ne4 Rg7+ 53. Kf2 Rh7 54. Kg2 Rg7+ 55. Kf2 Rc7 56. Rb8 Ke6 57. c5 Nc6 58. Re8+ Kd5 59. Ra8 Kc4 60. Re8 Kb3 61. Nf6 Kxa3 62. Nd5 Rh7 63. Rc8 Nd4 64. c6 Nb5 65. c7 a6 66. Rb8 Nxc7 67. Rb7 Nxd5 68. Rxh7 Ne3 69. Ra7 Kb4 70. Rxa6 Kc4 71. Ra5 Kd4 72. Rb5 Nd5 73. Ra5 Ne3 74. Rb5 Nd5 75. Ra5 Nc3 76. Ra8 Nd5 1/2-1/2


[Site "https://www.chess.com"]

[Event "Titled Tuesday Blitz February 14 Early 2023"]
[White "Andreev, Konstantin"]
[Black "Piesik, Piotr"]
[WhiteFideId "24239305"]
[BlackFideId "1136194"]
[WhiteElo "2195"]
[BlackElo "2426"]
[Result "0-1"]
[Round "05"]
[TimeControl "180+2"]
[Date "2023.02.15"]
[WhiteClock "0:00:06"]
[BlackClock "0:00:23"]

1. e4 g6 2. d4 Bg7 3. Nc3 c6 4. h4 h5 5. Be3 d5 6. e5 Nh6 7. f3 f6 8. exf6 exf6 9. Bd3 Nf5 10. Bf2 Kf7 11. Qd2 Bh6 12. f4 Re8+ 13. Nge2 Nd6 14. O-O-O Bg4 15. Kb1 Nd7 16. Rde1 Nb6 17. b3 Ne4 18. Bxe4 dxe4 19. Ng3 f5 20. Nf1 Nd5 21. Nxd5 cxd5 22. g3 b5 23. Ne3 Bf3 24. Rh2 a5 25. c4 bxc4 26. bxc4 dxc4 27. Nxc4 Bf8 28. Ne5+ Kg7 29. d5 Rb8+ 30. Ka1 Bb4 31. Qd4 Qxd5 32. Rc1 Red8 33. Nxf3+ Kh6 34. Qxd5 Rxd5 35. Nd4 Bd2 36. Rc2 e3 37. Nc6 Bc3+ 0-1


[Site "https://www.chess.com"]

[Event "Titled Tuesday Blitz February 14 Early 2023"]
[White "Dragomirescu, Angela"]
[Black "Aggelis, Nikolaos"]
[WhiteFideId "1209914"]
[BlackFideId "4213220"]
[WhiteElo "2130"]
[BlackElo "2270"]
[Result "0-1"]
[Round "05"]
[TimeControl "180+2"]
[Date "2023.02.15"]
[WhiteClock "0:00:22"]
[BlackClock "0:00:19"]

1. e4 c6 2. d4 d5 3. e5 c5 4. dxc5 e6 5. Nf3 Bxc5 6. a3 a6 7. Bd3 Ne7 8. O-O Ng6 9. Re1 Nc6 10. b4 Ba7 11. c4 dxc4 12. Bxc4 Qxd1 13. Rxd1 Ngxe5 14. Nxe5 Nxe5 15. Be2 Nc6 16. Bb2 f6 17. Nd2 Nd4 18. Bf1 e5 19. Rac1 Bg4 20. Re1 Rc8 21. h3 Be6 22. Kh1 Kd7 23. Ne4 Rxc1 24. Rxc1 Rc8 25. Nc5+ Bxc5 26. bxc5 Kc6 27. f4 Re8 28. fxe5 fxe5 29. Re1 Bd7 30. Bd3 Kxc5 31. Bxh7 Kd6 32. Rd1 Kc5 33. a4 Bxa4 34. Rc1+ Kd6 35. Rb1 Bc6 36. Ba3+ Kd7 37. Re1 b5 38. Bb2 a5 39. Bg6 Re7 40. Rd1 Kd6 41. Bxd4 exd4 42. Rxd4+ Kc5 43. Rg4 b4 44. h4 a4 45. h5 b3 46. Rg5+ Kb4 47. Kh2 a3 48. Rg4+ Kc3 49. Rg3+ Kb4 50. Rg4+ Kc5 51. Rg3 Rb7 52. Rc3+ Kd6 53. Rxc6+ Kxc6 54. Be4+ Kc7 55. Bxb7 Kxb7 56. h6 0-1


[Site "https://www.chess.com"]

[Event "Titled Tuesday Blitz February 14 Early 2023"]
[White "Jakubowski, Krzysztof"]
[Black "Baches Garcia, Guillermo"]
[WhiteFideId "1112848"]
[BlackFideId "2209764"]
[WhiteElo "2486"]
[BlackElo "2327"]
[Result "1-0"]
[Round "05"]
[TimeControl "180+2"]
[Date "2023.02.15"]
[WhiteClock "0:00:15"]
[BlackClock "0:00:01"]

1. e4 c5 2. Nf3 d6 3. d4 cxd4 4. Nxd4 Nf6 5. Nc3 Nc6 6. Bg5 e6 7. Qd2 h6 8. Be3 Ng4 9. Nxc6 bxc6 10. Bf4 e5 11. Bg3 Be7 12. Bc4 O-O 13. O-O Bg5 14. Qe2 Bf4 15. Rad1 Qe7 16. Rd3 Be6 17. Bb3 Rad8 18. Rfd1 Bg5 19. h3 Nf6 20. Rf3 h5 21. Qa6 h4 22. Bh2 Rc8 23. Rfd3 Rfd8 24. Qa5 Nh5 25. Qa3 c5 26. Bd5 Nf4 27. Rf3 g6 28. b3 Kg7 29. Qa6 Bd7 30. Bc4 Qf6 31. Bxf4 Bxf4 32. Rxd6 Be6 33. Rfd3 Bxc4 34. Rxf6 Bxa6 35. Rxa6 c4 36. bxc4 Rd4 37. Ra4 1-0


[Site "https://www.chess.com"]

[Event "Titled Tuesday Blitz February 14 Early 2023"]
[White "Manukian, Artak"]
[Black "Panesar Vedant"]
[WhiteFideId "13301373"]
[BlackFideId "35033018"]
[WhiteElo "2196"]
[BlackElo "2387"]
[Result "0-1"]
[Round "05"]
[TimeControl "180+2"]
[Date "2023.02.15"]
[WhiteClock "0:00:23"]
[BlackClock "0:00:11"]

1. e4 e5 2. Nf3 Nc6 3. d4 exd4 4. Nxd4 Nf6 5. Nxc6 bxc6 6. e5 Qe7 7. Qe2 Nd5 8. c4 Ba6 9. b3 g6 10. g3 Bg7 11. Bb2 O-O-O 12. Bg2 Rde8 13. O-O Bxe5 14. Qxe5 Qxe5 15. Bxe5 Rxe5 16. cxd5 Bxf1 17. Kxf1 cxd5 18. Nc3 c6 19. Rc1 Kb7 20. Na4 Rhe8 21. Nc5+ Kc7 22. Bf3 R5e7 23. b4 Kd6 24. Nb7+ Kc7 25. Nc5 h5 26. h4 Kd6 27. Nb7+ Kc7 28. Nc5 Re5 29. Nd3 Rf5 30. Nf4 Kd6 31. Rc5 Rb8 32. a3 Re5 33. Nd3 Re7 34. Ra5 Ra8 35. b5 Kc7 36. a4 Ree8 37. Nb4 Kb6 38. Ra6+ Kc5 39. Nd3+ Kd4 40. Nf4 Rec8 41. Ke2 Rc7 42. Kd2 Rb8 43. Be2 Rb6 44. Ra5 c5 45. Bf3 Rd6 46. Ra6 Rxa6 47. bxa6 Rc6 48. Bxd5 Rxa6 49. Bxf7 c4 50. Bxg6 Rxa4 51. Ne2+ Kc5 52. Bxh5 d5 53. Bg6 d4 54. h5 Ra2+ 55. Kd1 Ra1+ 56. Kd2 c3+ 57. Nxc3 dxc3+ 58. Kxc3 Rf1 59. h6 Rxf2 60. h7 Rh2 61. Kd3 Kd6 62. Ke4 Ke6 63. Kf4 Kf6 64. Bd3 a5 65. g4 a4 66. g5+ Kg7 67. Ke5 a3 68. Bc4 Rxh7 69. Kd4 Rh4+ 70. Kc3 Rxc4+ 71. Kxc4 a2 0-1


[Site "https://www.chess.com"]

[Event "Titled Tuesday Blitz February 14 Early 2023"]
[White "Mohamed Anees M"]
[Black "Sai Han Thiha"]
[WhiteFideId "35065815"]
[BlackFideId "13012290"]
[WhiteElo "2315"]
[BlackElo "2070"]
[Result "1-0"]
[Round "05"]
[TimeControl "180+2"]
[Date "2023.02.15"]
[WhiteClock "0:00:19"]
[BlackClock "0:00:04"]

1. c4 Nf6 2. Nf3 g6 3. g3 Bg7 4. Bg2 O-O 5. O-O d6 6. Nc3 e5 7. d4 Nc6 8. d5 Ne7 9. e4 a5 10. Ne1 c5 11. dxc6 bxc6 12. Nd3 c5 13. f4 Nd7 14. f5 Nc6 15. Nd5 f6 16. Be3 Nd4 17. a3 Nb6 18. fxg6 hxg6 19. b4 Nxc4 20. bxc5 Ba6 21. Bxd4 exd4 22. N3f4 Qe8 23. Nc7 Qf7 24. Nxa6 Rxa6 25. Qxd4 f5 26. Qd3 Bxa1 27. exf5 Ne5 28. Qxa6 Bd4+ 29. Kh1 Qxf5 30. Qxd6 Be3 31. c6 g5 32. Ne6 Qxf1+ 33. Bxf1 Rxf1+ 34. Kg2 Rf2+ 35. Kh1 Rf1+ 36. Kg2 Rf2+ 37. Kh1 Nf3 38. Qf8+ Kh7 39. Qg7# 1-0


[Site "https://www.chess.com"]

[Event "Titled Tuesday Blitz February 14 Early 2023"]
[White "Fries-Nielsen, Jens Ove"]
[Black "Slade, Theodore"]
[WhiteFideId "1400142"]
[BlackFideId "426547"]
[WhiteElo "2377"]
[BlackElo "1995"]
[Result "1-0"]
[Round "05"]
[TimeControl "180+2"]
[Date "2023.02.15"]
[WhiteClock "0:00:56"]
[BlackClock "0:00:02"]

1. d4 d5 2. Nf3 Nf6 3. e3 e6 4. Bd3 c5 5. c3 Nc6 6. Nbd2 Bd6 7. O-O O-O 8. dxc5 Bxc5 9. e4 Qc7 10. Qe2 h6 11. h3 e5 12. b4 Be7 13. Bb2 Be6 14. Rfe1 dxe4 15. Nxe4 Nxe4 16. Bxe4 f6 17. a3 Rfd8 18. Nh4 Bf8 19. Qh5 Qf7 20. Bg6 Qc7 21. Re3 Bf7 22. Rg3 Bxg6 23. Rxg6 Kh8 24. Rg3 e4 25. Bc1 Ne5 26. Bf4 Kh7 27. Qf5+ Kh8 28. Ng6+ Kg8 29. Nxe5 fxe5 30. Bxe5 Qc6 31. Re1 Rd5 32. Rxe4 Rad8 33. Kh2 a6 34. Rg6 Qd7 35. Qxd7 R8xd7 36. c4 Rxe5 37. Rxe5 Bd6 38. Rxd6 Rxd6 39. Re3 Rd2 40. Kg3 Rc2 41. c5 Kf7 42. h4 Rc4 43. f3 Kf6 44. Rd3 h5 45. Rd7 Rc3 46. Rxb7 Rxa3 47. Kf4 Ra2 48. Rb6+ Kf7 49. g3 Ra4 50. Kg5 Ra3 51. Kf4 Ra4 52. c6 Ra3 53. Ke5 Rc3 54. Kd6 Rd3+ 55. Ke5 Rc3 56. Kd5 Rxf3 57. c7 Rd3+ 58. Kc6 Rc3+ 59. Kb7 Rc4 60. Rc6 1-0


[Site "https://www.chess.com"]

[Event "Titled Tuesday Blitz February 14 Early 2023"]
[White "Balabayeva, Xeniya"]
[Black "Martynov, Pavel"]
[WhiteFideId "13719688"]
[BlackFideId "4101260"]
[WhiteElo "2191"]
[BlackElo "2414"]
[Result "0-1"]
[Round "05"]
[TimeControl "180+2"]
[Date "2023.02.15"]
[WhiteClock "0:00:03"]
[BlackClock "0:00:19"]

1. e4 c5 2. Nf3 e6 3. d4 cxd4 4. Nxd4 Nc6 5. Nc3 Qc7 6. Be3 a6 7. a3 Nf6 8. f4 d6 9. Qf3 Bd7 10. O-O-O Rc8 11. g4 Nxd4 12. Rxd4 Bc6 13. g5 Nd7 14. h4 Be7 15. Bh3 b5 16. h5 Nc5 17. Qg3 Nxe4 18. Nxe4 Bxe4 19. Rh2 d5 20. Qf2 a5 21. Rd2 b4 22. a4 b3 23. c3 Bb4 24. Bd4 Bd6 25. Be3 Qc4 26. Bf1 Qxa4 27. Kd1 Qa1+ 28. Ke2 a4 29. Bg2 Bf5 30. Rh1 Qa2 31. Qg3 a3 32. bxa3 b2 33. g6 hxg6 34. hxg6 Rxh1 35. Bxh1 b1=Q 36. gxf7+ Kxf7 0-1


[Site "https://www.chess.com"]

[Event "Titled Tuesday Blitz February 14 Early 2023"]
[White "Florescu, Codrut-Constantin"]
[Black "Kanyamarala, Tarun"]
[WhiteFideId "1202200"]
[BlackFideId "45004714"]
[WhiteElo "2259"]
[BlackElo "2342"]
[Result "0-1"]
[Round "05"]
[TimeControl "180+2"]
[Date "2023.02.15"]
[WhiteClock "0:00:37"]
[BlackClock "0:01:30"]

1. e4 c5 2. Nf3 e6 3. d4 cxd4 4. Nxd4 a6 5. Bd3 Bc5 6. Nb3 Ba7 7. O-O Ne7 8. c4 O-O 9. Nc3 Nbc6 10. Bf4 e5 11. Bg3 d6 12. Nd5 Nxd5 13. cxd5 Nd4 14. Nxd4 Bxd4 15. Qb3 Qe7 16. a4 f5 17. exf5 Bxf5 18. Bxf5 Rxf5 19. Rac1 Raf8 20. Rc2 h5 21. h4 R5f6 22. Qd3 Qf7 23. Kh2 Qxd5 24. b4 Qf7 25. b5 axb5 26. axb5 Rg6 27. Rfc1 Rg4 28. Rc7 Qf6 29. Rxb7 Bxf2 30. Bxf2 Qxf2 31. Qd5+ Kh8 0-1


[Site "https://www.chess.com"]

[Event "Titled Tuesday Blitz February 14 Early 2023"]
[White "Danielyan, Vahe"]
[Black "Bochnicka, Vladimir"]
[WhiteFideId "13304828"]
[BlackFideId "14943450"]
[WhiteElo "2346"]
[BlackElo "2327"]
[Result "0-1"]
[Round "05"]
[TimeControl "180+2"]
[Date "2023.02.15"]
[WhiteClock "0:00:05"]
[BlackClock "0:00:02"]

1. c4 e5 2. Nc3 Bb4 3. g3 Bxc3 4. bxc3 d6 5. Bg2 Nc6 6. d3 f5 7. Nh3 Nf6 8. O-O O-O 9. f4 e4 10. Nf2 Qe7 11. Qc2 Re8 12. Rb1 b6 13. e3 Bd7 14. Rd1 Rad8 15. d4 Na5 16. Bf1 Be6 17. Qa4 Qd7 18. Rb5 a6 19. Rxa5 bxa5 20. Qxa5 Rb8 21. Ba3 Qc8 22. c5 Bxa2 23. cxd6 cxd6 24. Bxd6 Rb2 25. Bxa6 Qd8 26. Bc7 Qd7 27. c4 Qf7 28. Qxf5 Qxc7 29. Bb5 Rb8 30. d5 Bxc4 31. d6 Qc8 32. d7 Qc7 33. Bxc4+ Kh8 0-1


[Site "https://www.chess.com"]

[Event "Titled Tuesday Blitz February 14 Early 2023"]
[White "Tymrakiewicz, Rafal"]
[Black "Tologon tegin, Semetei"]
[WhiteFideId "1108832"]
[BlackFideId "13800574"]
[WhiteElo "2144"]
[BlackElo "2372"]
[Result "0-1"]
[Round "05"]
[TimeControl "180+2"]
[Date "2023.02.15"]
[WhiteClock "0:00:01"]
[BlackClock "0:00:26"]

1. d4 d5 2. Bg5 c5 3. e3 Qb6 4. Nc3 e6 5. Rb1 Nc6 6. Nf3 cxd4 7. exd4 Be7 8. Bxe7 Ngxe7 9. Bd3 Bd7 10. Ne2 Nb4 11. c3 Nxd3+ 12. Qxd3 Bb5 13. Qd2 Qa6 14. b3 Rc8 15. Rc1 Nf5 16. a4 Bd3 17. Ne5 Bxe2 18. Qxe2 Nxd4 19. Qb2 Nc6 20. Nf3 O-O 21. Qe2 Qb6 22. Qb5 Qxb5 23. axb5 Na5 24. Nd2 Rc7 25. Ke2 Rfc8 26. Kd3 b6 27. Rhe1 Kf8 28. Rc2 Ke7 29. Ra1 Kd6 30. b4 Nc4 31. Nxc4+ dxc4+ 32. Ke3 e5 33. Rd2+ Ke6 34. Rad1 f6 35. g4 Ke7 36. Ke4 Ra8 37. Rd6 Rb8 38. h4 Rbb7 39. h5 Rd7 40. R6d5 Rxd5 41. Rxd5 g6 42. h6 Ke6 43. Rd8 f5+ 44. gxf5+ gxf5+ 45. Ke3 Rc7 46. Rg8 Kf6 47. Re8 Rd7 48. Ke2 e4 49. Ra8 Kg5 50. Rg8+ Kxh6 51. Ke3 Rd3+ 52. Kf4 Rf3+ 53. Ke5 Rxf2 54. Ra8 e3 55. Rxa7 e2 56. Ra1 Rf1 57. Re1 Rxe1 0-1


[Site "https://www.chess.com"]

[Event "Titled Tuesday Blitz February 14 Early 2023"]
[White "Manelyuk, Daniil"]
[Black "Fernandez Garcia, Gumersindo"]
[WhiteFideId "44173920"]
[BlackFideId "24516740"]
[WhiteElo "2302"]
[BlackElo "2160"]
[Result "1-0"]
[Round "05"]
[TimeControl "180+2"]
[Date "2023.02.15"]
[WhiteClock "0:00:06"]
[BlackClock "0:00:02"]

1. e4 d6 2. d4 Nf6 3. Nc3 e5 4. Nf3 Nbd7 5. Bc4 Be7 6. O-O O-O 7. Re1 c6 8. a4 a5 9. Be3 Qc7 10. d5 h6 11. b3 Rd8 12. Nh4 Nc5 13. Nf5 Bxf5 14. exf5 cxd5 15. Nxd5 Nxd5 16. Bxd5 Rac8 17. Qg4 Kf8 18. Rad1 b6 19. Rd2 Bf6 20. Red1 Na6 21. Bc4 Nb4 22. c3 Nc6 23. Qh5 e4 24. Bxb6 Qe7 25. Bxd8 Rxd8 26. Rxd6 Rxd6 27. Rxd6 Ne5 28. Ra6 Kg8 29. h4 Kh7 30. Ra8 Qd7 31. Rxa5 Nxc4 32. bxc4 Bxc3 33. Rd5 Qb7 34. Qg4 Qb1+ 35. Kh2 Bf6 36. c5 Qe1 37. Qf4 Qb4 38. c6 Qxa4 39. Rc5 Qa8 40. c7 Qc8 41. Qd6 e3 42. fxe3 Bxh4 43. g3 Bf6 44. Qc6 1-0


[Site "https://www.chess.com"]

[Event "Titled Tuesday Blitz February 14 Early 2023"]
[White "Yurovskykh, Oleksandr"]
[Black "Martic, Ivan"]
[WhiteFideId "14134020"]
[BlackFideId "929301"]
[WhiteElo "2328"]
[BlackElo "2301"]
[Result "1/2-1/2"]
[Round "05"]
[TimeControl "180+2"]
[Date "2023.02.15"]
[WhiteClock "0:00:06"]
[BlackClock "0:00:16"]

1. d4 Nf6 2. Bg5 d5 3. Bxf6 exf6 4. e3 Bd6 5. g3 c6 6. Bg2 Be6 7. Ne2 f5 8. Nd2 Nd7 9. b3 Nf6 10. c4 Qe7 11. Qc2 Ne4 12. Nxe4 fxe4 13. c5 Bc7 14. a3 h5 15. h4 Bg4 16. Nc3 Qf6 17. Bf1 Bf3 18. Rg1 g5 19. hxg5 Qxg5 20. Be2 h4 21. Bxf3 exf3 22. O-O-O hxg3 23. fxg3 Qxe3+ 24. Qd2 Qxd2+ 25. Rxd2 Rh3 26. Rf2 Rxg3 27. Rxg3 Bxg3 28. Rxf3 Bh4 29. Kc2 Ke7 30. Nd1 Rg8 31. Ne3 Bg5 32. Nf5+ Ke6 33. Nd6 f6 34. Nxb7 Rh8 35. Kc3 Rh2 36. Nd6 Ra2 37. Kb4 Bc1 38. Nc8 Bxa3+ 39. Kc3 Bc1 40. Rh3 f5 41. Rh7 f4 42. Rxa7 Rxa7 43. Nxa7 Kd7 44. b4 f3 45. Kd3 f2 46. Ke2 Be3 47. b5 Bxd4 48. bxc6+ Kc7 49. Nb5+ Kxc6 50. Nxd4+ Kxc5 51. Nf3 Kc4 52. Kxf2 d4 53. Nxd4 1/2-1/2


[Site "https://www.chess.com"]

[Event "Titled Tuesday Blitz February 14 Early 2023"]
[White "Maksimenko, Viktor"]
[Black "Chernov, Mikhail"]
[WhiteFideId "13710478"]
[BlackFideId "24143170"]
[WhiteElo "2196"]
[BlackElo "2205"]
[Result "1-0"]
[Round "05"]
[TimeControl "180+2"]
[Date "2023.02.15"]
[WhiteClock "0:01:48"]
[BlackClock "0:00:17"]

1. d4 d5 2. c4 c6 3. Nf3 Nf6 4. e3 Bf5 5. Nh4 Bd7 6. Nc3 e6 7. cxd5 exd5 8. Qc2 Bd6 9. Nf5 Bxf5 10. Qxf5 Qd7 11. Qf3 O-O 12. Bd3 Qg4 13. Bd2 Qxf3 14. gxf3 Re8 15. O-O-O Nbd7 16. Kb1 a5 17. Bc1 a4 18. a3 b5 19. Na2 Nb6 20. Bd2 Nc4 21. Bc3 g6 22. Bc2 Nd7 23. Nc1 f5 24. Nd3 Kg7 25. Rdg1 Kf6 26. f4 Kf7 27. h4 Nf6 28. Ne5+ Bxe5 29. dxe5 Ne4 30. Bxe4 dxe4 31. h5 Re6 32. hxg6+ hxg6 33. Rh7+ Kg8 34. Rgh1 1-0


[Site "https://www.chess.com"]